 Dungeon Crawl Stone Soup version 0.14.1-1-g650416f (webtiles) character file.

200 Kae the Cudgeler (level 3, 0/31 HPs)
             Began as a Minotaur Fighter on May 4, 2014.
             Was an Initiate of Okawaru.
             Slain by Grinder (4 damage)
             ... while paralysed by Grinder
             ... on Level 3 of the Dungeon.
             The game lasted 00:02:29 (1740 turns).

Kae the Cudgeler (Minotaur Fighter)                 Turns: 1740, Time: 00:02:29

HP   0/31        AC  6     Str 25      XL: 3   Next: 82%
MP   2/2         EV  2     Int  6      God: Okawaru [......]
Gold 140         SH  0     Dex  9      Spells:  0 memorised,  2 levels left

rFire  . . .     SeeInvis .     b - +0 mace
rCold  . . .     Clarity  .     y - +0 scale mail
rNeg   . . .     Conserve .     c - +0 shield
rPois  .         rCorr    .     (helmet restricted)
rElec  .         rRot     .     (no cloak)
SustAb . .       Spirit   .     (no gloves)
rMut   .         Warding  .     (no boots)
Saprov . . .     Stasis   .     (no amulet)
MR     .....                    (no ring)
                                (no ring)

@: paralysed, mighty, not resistant to hostile enchantments, extremely
unstealthy
A: retaliatory headbutt, horns 2
a: Renounce Religion


You were on level 3 of the Dungeon.
You worshipped Okawaru.
Okawaru was noncommittal.
You were not hungry.

You visited 1 branch of the dungeon, and saw 3 of its levels.

You collected 140 gold pieces.

Inventory:

Hand weapons
 a - a +0,+0 flail
 b - a +0,+0 mace (weapon)
Armour
 c - a +0 shield (worn)
 y - a +0 scale mail (worn)
Comestibles
 d - a bread ration
 j - a beef jerky
 l - 13 sultanas
 s - a snozzcumber
 t - an apple
Scrolls
 f - 2 scrolls of noise {unknown}
 i - 2 scrolls of fog {unknown}
 k - 2 scrolls of identify {unknown}
 n - 2 scrolls of teleportation {unknown}
 q - a scroll of magic mapping {unknown}
 u - a scroll of enchant weapon II {unknown}
 A - a scroll of remove curse {unknown}
 C - a scroll of amnesia {unknown}
Jewellery
 o - an uncursed amulet of stasis {unknown}
Potions
 g - a potion of invisibility {unknown}
 h - 2 potions of heal wounds {unknown}
 m - a potion of haste {unknown}
 p - a potion of curing {unknown}
 r - a potion of flight {unknown}
 w - a potion of magic {unknown}
 z - a potion of agility {unknown}
 B - a potion of brilliance {unknown}
Books
 v - a book of Wizardry

   Spells                             Type                      Level
   Summon Elemental                   Summoning                    4
   Agony                              Necromancy                   5
   Force Lance                        Conjuration                  5
   Haste                              Charms                       6
   Invisibility                       Hexes                        6
   Spellforged Servitor               Conjuration/Summoning        7


   Skills:
 - Level 3.6 Fighting
 + Level 5.0 Maces & Flails
 - Level 3.6 Armour
 - Level 3.6 Shields


You had 2 spell levels left.
You didn't know any spells.

Dungeon Overview and Level Annotations

Branches:
Dungeon (3/15)

Altars:
Okawaru
Xom

Annotations:
D:3 Grinder


Innate Abilities, Weirdness & Mutations

You reflexively headbutt those who attack you in melee.
You have a pair of horns on your head.


Message History

Grinder is nearby!
Grinder closely misses you.
You hit Grinder.
Grinder is lightly wounded.
Grinder hits you.
You writhe in agony.
Use which ability? (? or * to list)
You can't do that.
Drink which item? (? for menu, Esc to quit)
Okay, then.
Drink which item? (? for menu, Esc to quit)
You feel very mighty all of a sudden. Grinder gestures at you.
You suddenly lose the ability to move!
Grinder hits you!
You writhe in agony.
Grinder hits you.
You writhe in agony.
* * * LOW HITPOINT WARNING * * *
Grinder hits you.
* * * LOW HITPOINT WARNING * * *
You writhe in agony.
You die...

.......)..>.........#
##............#.###.#
....................#
##.#.#.#.#.#..#.#####
#..#.....#.#..#.#
...#.#...#.##.#.#
#....#..........#
.......###.#....####
#.....## .#...!@5.#
..###.# #.......##.#
..# .# #........ #
#.###. #..##.#..
...... .. #.#.##
....## #.### ###.# ..
#


You could see Grinder.

Vanquished Creatures
  An adder (D:3)
  A worm (D:2)
  3 oozes (D:1)
  7 hobgoblins
  3 jackals (D:2)
  A ball python (D:1)
  9 bats
  2 giant cockroaches (D:2)
  A giant gecko (D:2)
  2 giant newts
  4 goblins (D:1)
  5 kobolds (D:1)
  A quokka (D:3)
  4 rats
44 creatures vanquished.

Notes
Turn   | Place    | Note
--------------------------------------------------------------
     0 | D:1      | Kae, the Minotaur Fighter, began the quest for the Orb.
     0 | D:1      | Reached XP level 1. HP: 19/19 MP: 1/1
   205 | D:1      | Reached XP level 2. HP: 26/26 MP: 1/1
   488 | D:1      | Reached skill level 4 in Maces & Flails
   512 | D:1      | Found a shimmering altar of Xom.
   513 | D:1      | Found a shimmering altar of Xom.
   513 | D:1      | Found a shimmering altar of Xom.
   513 | D:1      | Found a shimmering altar of Xom.
   513 | D:1      | Found a shimmering altar of Xom.
   514 | D:1      | Found a shimmering altar of Xom.
   515 | D:1      | Found a shimmering altar of Xom.
   516 | D:1      | Found a shimmering altar of Xom.
   516 | D:1      | Found a shimmering altar of Xom.
   516 | D:1      | Found a shimmering altar of Xom.
   896 | D:2      | Reached XP level 3. HP: 31/31 MP: 2/2
  1178 | D:2      | Found an iron altar of Okawaru.
  1187 | D:2      | Became a worshipper of Warmaster Okawaru
  1585 | D:3      | Reached skill level 5 in Maces & Flails
  1734 | D:3      | Noticed Grinder
  1737 | D:3      | Paralysed by Grinder for 6 turns
  1740 | D:3      | Slain by Grinder

Action                   || total
-------------------------++-------
Melee: Flail             ||    82
       Mace              ||    28
  Use: Potion            ||     1
